Map: Hard Lead LE

Players

Subwayeatn - Winner!

  • Race: Zerg Zerg
  • League: Platinum
  • Spawn Location: 5:00

techsiro

  • Race: Terran Terran
  • League: Platinum
  • Spawn Location: 11:00

VOD

Have the link to the VOD?

Description

Time

  • Played on: Nov. 4, 2023, 5:28 p.m.
  • Length: 1:35
Show
View Real Time Build Order
Export as new Build Order

Subwayeatn Zerg - Winner!

Build Orders: Pool First 

Get SALT Encoding   

  12  0:01  Drone  
  13  0:12  Overlord  
  13  0:18  Drone  
  14  0:31  Drone x2  
  14  0:34  Drone  
  17  0:45  Drone  
  17  0:49  Extractor  
  17  0:51  Spawning Pool  
  16  1:12  Hatchery  
  15  1:21  Drone x3  
Show
View Real Time Build Order
Export as new Build Order

techsiro Terran 

Build Orders:  

Get SALT Encoding   

  12  0:02  SCV  
  13  0:31  Supply Depot  
  13  0:33  SCV  
  14  0:45  SCV  
  15  0:54  Barracks  
  15  0:57  SCV  
  15  1:03  Barracks  
  16  1:09  SCV  
  17  1:18  Barracks  
  17  1:21  SCV  
Tags
 
Matchup
TvZ
Opening
Pool First
Replay Pack
Multiplayer
Spawn Locations
Cross Positions
Add a new tag
Caveats
  • Supply blocks, unpowered buildings, or Contaminate may cause inaccurate times.
  • Supply counts are checked every 10 seconds.